 Dungeon Crawl Stone Soup version 0.26-a0-649-gf8c6c3aab7 (webtiles) character file.

Game seed: 677811601588714437

21431 DogServant the Grappler (level 12, 5/184 HPs)
             Began as a Troll Fighter on Sept 26, 2020.
             Was a Believer of Ru.
             Quit the game on level 13 of the Dungeon.
             The game lasted 00:25:31 (10542 turns).

DogServant the Grappler (Troll Fighter)            Turns: 10542, Time: 00:25:32

Health: 5/184      AC: 22    Str: 28    XL:     12   Next: 54%
Magic:  11/11      EV:  1    Int:  4    God:    Ru [**....]
Gold:   1035       SH:  0    Dex: 12    Spells: 11/11 levels left

rFire    . . .     SeeInvis .     - Unarmed
rCold    + + .     Faith    .   (no shield)
rNeg     + + +     Spirit   .   (armour currently unavailable)
rPois    +         Reflect  .   (helmet currently unavailable)
rElec    .         Harm     .   (cloak currently unavailable)
rCorr    .         Rampage  .   (gloves unavailable)
MR       .....     NoTele   +   (boots unavailable)
Stlth    +.........             d - amulet of regeneration
HPRegen  1.20/turn              x - ring of protection from cold
MPRegen  0.12/turn              z - ring of protection from cold

@: quite poisoned (5 -> 3), tree-form, corroded
A: large, unfitting armour, regeneration 1, hated by all, no conjurations magic,
no hexes magic, no ice magic
a: Renounce Religion


You were on level 13 of the Dungeon.
You worshipped Ru.
Ru was pleased with you.
You were a tree.
You visited 2 branches of the dungeon, and saw 14 of its levels.
You also visited: Ossuary.

You collected 1035 gold pieces.

Inventory:

Missiles
 k - 3 atropa-tipped darts (quivered)
Armour
 a - a +0 robe
 b - a +0 kite shield
 y - a +2 cloak (melded)
 I - +0 steam dragon scales
 J - a +0 troll leather armour (melded)
Jewellery
 d - an amulet of regeneration (around neck)
 t - an uncursed ring of wizardry
 x - a ring of protection from cold (left branch)
 z - a ring of protection from cold (right branch)
Wands
 q - a wand of disintegration (45)
 A - a wand of acid (3)
 G - a wand of polymorph (22)
 H - a wand of flame (53)
 L - a wand of paralysis (5)
Scrolls
 g - 3 scrolls of enchant weapon {unknown}
 h - 12 scrolls of remove curse
 j - 3 scrolls of amnesia {unknown}
 l - 6 scrolls of teleportation
 u - a scroll of blinking {unknown}
 v - 2 scrolls of enchant armour {unknown}
 w - a scroll of fog {unknown}
 B - 2 scrolls of fear {unknown}
 D - 3 scrolls of magic mapping
 E - 5 scrolls of identify
 F - a scroll of random uselessness {unknown}
 O - a scroll of torment {unknown}
Potions
 c - a potion of ambrosia {unknown}
 e - 2 potions of cancellation
 f - 3 potions of haste
 i - 5 potions of curing
 m - 2 potions of heal wounds
 n - 4 potions of brilliance
 o - a potion of lignification
 p - 5 potions of flight
 r - a potion of invisibility {unknown}
 s - 2 potions of berserk rage {unknown}
 C - 2 potions of mutation {unknown}
 K - a potion of degeneration {unknown}
 M - 3 potions of stabbing {unknown}
 N - 3 potions of resistance {unknown}


   Skills:
 - Level 9.0 Fighting
 + Level 5.2 Dodging
 - Level 0.1 Stealth
 - Level 8.2 Shields
 + Level 14.6 Unarmed Combat


You had 11 spell levels left.
You didn't know any spells.
Your spell library contained the following spells:

 Spells                   Type           Power        Failure   Level
 Swiftness                Air            #.......     65%         2
 Airstrike                Air            #.........   99%         4
 Corona                   Hex            Unusable     N/A         1
 Freeze                   Ice            Unusable     N/A         1
 Shock                    Conj/Air       Unusable     N/A         1
 Summon Small Mammal      Summ           Unusable     N/A         1
 Call Imp                 Summ           Unusable     N/A         2
 Ensorcelled Hibernation  Hex/Ice        Unusable     N/A         2
 Slow                     Hex            Unusable     N/A         2
 Call Canine Familiar     Summ           Unusable     N/A         3
 Confusing Touch          Hex            Unusable     N/A         3
 Dazzling Flash           Conj/Hex       Unusable     N/A         3
 Frozen Ramparts          Ice            Unusable     N/A         3
 Inner Flame              Hex/Fire       Unusable     N/A         3
 Ozocubu's Armour         Ice            Unusable     N/A         3
 Portal Projectile        Hex/Tloc       Unusable     N/A         3
 Static Discharge         Conj/Air       Unusable     N/A         3
 Summon Guardian Golem    Hex/Summ       Unusable     N/A         3
 Tukima's Dance           Hex            Unusable     N/A         3
 Cause Fear               Hex            Unusable     N/A         4
 Hailstorm                Conj/Ice       Unusable     N/A         4
 Leda's Liquefaction      Hex/Erth       Unusable     N/A         4
 Summon Ice Beast         Ice/Summ       Unusable     N/A         4
 Summon Lightning Spire   Summ/Air       Unusable     N/A         4
 Lightning Bolt           Conj/Air       Unusable     N/A         5

Dungeon Overview and Level Annotations

Branches:
Dungeon (13/15)            Temple (1/1) D:4            Lair (0/6) D:10
    Orc (0/2) D:12        Ossuary (visited)
 Vaults: D:13-14

Altars:
Ashenzari
Cheibriados
Dithmenos
Elyvilon
Fedhas
Gozag
Hepliaklqana
Kikubaaqudgha
Makhleb
Nemelex Xobeh
Okawaru
Qazlal
Ru
Sif Muna
Trog
Uskayaw
Vehumet
Wu Jian
Xom
Yredelemnul
Zin
The Shining One

Shops:
D:5 :

Annotations:
D:7 3 runed translucent doors, Gargoyl's ghost, novice GnAK; chispire's ghost, novice MiBe; nojaa's ghost, weakling DDDe
D:11 1 runed translucent door, ikjuyhgtrf's ghost, journeyman HOFi
D:13 Frances; Urug


Innate Abilities, Weirdness & Mutations

You are too large for most types of armour.
((You have claws for hands.))
Your natural rate of healing is unusually fast.
((You are covered in fur. (AC +1)))
((You have extremely tough skin. (AC +3)))
You are hated by all.
You cannot study or cast Conjurations magic.
You cannot study or cast Hexes magic.
You cannot study or cast Ice magic.


Message History

You are too injured to fight recklessly!
You hit the two-headed ogre.
The two-headed ogre is lightly wounded.
You feel sick.
Frances hits you from afar with a +0 glaive of venom!!
* * * LOW HITPOINT WARNING * * *
You are more poisoned.
The slime creature hits you!
* * * LOW HITPOINT WARNING * * *
You barely miss the two-headed ogre.
The two-headed ogre is lightly wounded.
You feel sick.
Frances hits you from afar with a +0 glaive of venom!
* * * LOW HITPOINT WARNING * * *
The two-headed ogre hits you with a +0 giant spiked club!
* * * LOW HITPOINT WARNING * * *
You focus your will and blind the two-headed ogre in retribution!
The two-headed ogre hits you but does no damage.
The rust devil hits you. The rust devil corrodes you!
Are you sure you want to abandon this character and quit the game? (Confirm with "yes".)

#.(...#
#K....#
#o§...#
#.....#
#4...<#
#.....#
#.o...#
####@4...#
#.♣JK4...#
#.O4.......#
#..........#
####.......#
#.....###
#.....#
#.....#
.....#


You could see Frances (fast), Urug, a slime creature, a two-headed ogre (blind),
2 orange demons, a rust devil (summoned) and a kobold.

Vanquished Creatures
  An ogre mage (D:12)
  A hydra (D:12)
  A two-headed ogre (D:12)
  5 centaur warriors
  A wizard (D:10)
  2 deep elf magi
  A cyclops (D:11)
  2 manticores
  2 ugly things
  Maurice (D:8)
  A gargoyle (D:10)
  Maggie (D:8)
  A komodo dragon (D:10)
  2 centaur skeletons
  A freezing wraith (D:12)
  A hornet (D:7)
  A troll (shapeshifter) (D:10)
  3 trolls
  A hippogriff (D:7)
  4 slime creatures
  15 yaks
  2 wraiths
  2 wyverns
  A basilisk (D:12)
  2 vampire mosquitoes
  7 orc warriors
  2 sky beasts (D:12)
  2 ice beasts
  A black bear (D:9)
  3 phantoms
  10 ogres
  6 centaurs
  2 crocodiles
  4 big kobolds
  Blork the orc (D:4)
  3 bullfrogs
  5 gnoll sergeants
  3 water moccasin zombies (Ossuary)
  7 scorpions
  6 wights
  5 killer bees (D:12)
  4 howler monkeys
  2 bullfrog zombies
  6 hounds
  4 jellies
  4 orc wizards
  4 orc priests
  An iguana (D:8)
  Ijyb (D:4)
  Terence (D:2)
  10 worker ants
  A killer bee zombie (D:7)
  3 big kobold zombies (Ossuary)
  A hound skeleton (D:10)
  2 mummies (Ossuary)
  3 worker ant zombies
  15 gnolls
  15 adders
  4 shadow imps
  3 white imps
  An ufetubus (D:6)
  An ooze (D:3)
  2 adder zombies (Ossuary)
  An adder skeleton (D:4)
  3 worms (D:2)
  A dart slug (D:1)
  7 leopard geckos
  31 orcs
  6 giant cockroaches
  5 goblins
  6 hobgoblins
  15 jackals
  6 quokkas
  2 ball pythons (D:2)
  10 bats
  9 frilled lizards
  7 gnoll zombies (Ossuary)
  3 hobgoblin zombies (Ossuary)
  A jackal zombie (D:8)
  22 kobolds
  7 kobold zombies (Ossuary)
  A leopard gecko skeleton (D:4)
  3 orc zombies (Ossuary)
  A quokka skeleton (D:5)
  A quokka zombie (D:6)
  4 rats
362 creatures vanquished.

Vanquished Creatures (others)
  A hippogriff (D:11)
  A sky beast (D:11)
  A boggart (D:12)
  2 killer bees (D:11)
  A gnoll (D:6)
  An orc (D:10)
  2 plants (D:10)
9 creatures vanquished.

Grand Total: 371 creatures vanquished

Notes
Turn   | Place    | Note
-------+----------+-------------------------------------------
     0 | D:1      | DogServant the Troll Fighter began the quest for the Orb.
     0 | D:1      | Reached XP level 1. HP: 22/22 MP: 0/0
   205 | D:1      | Reached XP level 2. HP: 28/29 MP: 1/1
   731 | D:2      | Noticed Terence
   736 | D:2      | Reached XP level 3. HP: 36/36 MP: 2/2
   769 | D:2      | Killed Terence
   769 | D:2      | Reached skill level 3 in Unarmed Combat
   822 | D:2      | Reached XP level 4. HP: 44/44 MP: 3/3
  1360 | D:3      | Reached skill level 4 in Unarmed Combat
  1366 | D:3      | Reached XP level 5. HP: 31/50 MP: 4/4
  2164 | D:4      | Reached skill level 5 in Unarmed Combat
  2167 | D:4      | Noticed an ogre
  2172 | D:4      | Noticed an ogre
  2173 | D:4      | Killed an ogre
  2173 | D:4      | Reached XP level 6. HP: 5/61 MP: 5/5
  2234 | D:4      | Noticed Blork the orc
  2246 | D:4      | Killed Blork the orc
  2477 | D:4      | Found a staircase to the Ecumenical Temple.
  2478 | D:4      | Noticed Ijyb
  2487 | D:4      | Killed Ijyb
  2492 | Temple   | Entered the Ecumenical Temple
  2602 | Temple   | Became a worshipper of Ru the Awakened
  2798 | D:4      | Reached skill level 6 in Unarmed Combat
  2798 | D:4      | Reached XP level 7. HP: 47/70 MP: 6/6
  2870 | D:4      | Found a glowing golden altar of the Shining One.
  3049 | D:5      | Entered Level 5 of the Dungeon
  3160 | D:5      | Found a sand-covered staircase.
  3178 | Ossuary  | Entered an ossuary
  3277 | Ossuary  | Reached skill level 5 in Fighting
  3277 | Ossuary  | Reached skill level 7 in Unarmed Combat
  3413 | D:5      | Found Ovvoakyq's Book Shop.
  3422 | D:5      | Reached XP level 8. HP: 72/80 MP: 7/7
  3564 | D:5      | Gained mutation: You are hated by all. [Ru sacrifice]
  3564 | D:5      | Reached * piety under Ru
  3566 | D:5      | Found an iron altar of Okawaru.
  3938 | D:6      | Reached skill level 8 in Unarmed Combat
  4164 | D:6      | Found a blossoming altar of Fedhas.
  4481 | D:7      | Found a white marble altar of Elyvilon.
  4715 | D:7      | Noticed a hornet
  4718 | D:7      | Paralysed by a hornet for 3 turns
  4723 | D:7      | Killed a hornet
  4891 | D:7      | Found a runed translucent gate.
  4892 | D:7      | Found a runed translucent gate.
  4894 | D:7      | Found a runed translucent gate.
  4894 | D:7      | Noticed chispire's ghost (novice MiBe)
  4895 | D:7      | Noticed nojaa's ghost (weakling DDDe)
  4895 | D:7      | Noticed Gargoyl's ghost (novice GnAK)
  4946 | D:7      | Reached XP level 9. HP: 58/92 MP: 8/8
  5086 | D:7      | Reached skill level 9 in Unarmed Combat
  5554 | D:7      | Reached skill level 10 in Unarmed Combat
  5557 | D:7      | Noticed a manticore
  5566 | D:7      | Killed a manticore
  5782 | D:8      | Noticed Maggie
  5786 | D:8      | Noticed a troll
  5791 | D:8      | Killed Maggie
  5791 | D:8      | Reached XP level 10. HP: 106/106 MP: 9/9
  5895 | D:8      | Noticed Maurice
  5906 | D:8      | Paralysed by Maurice for 7 turns
  5920 | D:8      | Killed Maurice
  6017 | D:8      | Reached skill level 11 in Unarmed Combat
  6222 | D:8      | Found a basalt altar of Yredelemnul.
  6814 | D:10     | Entered Level 10 of the Dungeon
  6849 | D:10     | Reached skill level 5 in Shields
  6855 | D:10     | Reached skill level 12 in Unarmed Combat
  7022 | D:10     | Found a staircase to the Lair.
  7124 | D:10     | Reached XP level 11. HP: 106/115 MP: 10/10
  7215 | D:10     | Noticed a fire crab
  7218 | D:10     | a fire crab changed into a troll
  7240 | D:10     | Noticed a wizard
  7255 | D:10     | Paralysed by a wizard for 6 turns
  7268 | D:10     | Killed a wizard
  7766 | D:10     | Noticed a deep elf mage
  7781 | D:10     | Killed a deep elf mage
  8195 | D:11     | Noticed a red ugly thing
  8213 | D:11     | Killed a red ugly thing
  8386 | D:11     | Reached skill level 13 in Unarmed Combat
  8563 | D:11     | Noticed a centaur warrior
  8574 | D:11     | Killed a centaur warrior
  8585 | D:11     | Found a runed translucent door.
  8585 | D:11     | Noticed ikjuyhgtrf's ghost (journeyman HOFi)
  8765 | D:11     | Found an opulent altar of Gozag.
  8964 | D:12     | Noticed a two-headed ogre
  8970 | D:12     | Killed a two-headed ogre
  9043 | D:12     | Noticed a centaur warrior
  9068 | D:12     | Killed a centaur warrior
  9408 | D:12     | Noticed a centaur warrior
  9408 | D:12     | Noticed a centaur warrior
  9409 | D:12     | Noticed a five-headed hydra
  9409 | D:12     | Noticed a centaur warrior
  9410 | D:12     | Noticed a deep elf mage
  9410 | D:12     | Noticed an ogre mage
  9413 | D:12     | Noticed a centaur warrior
  9437 | D:12     | Killed a centaur warrior
  9437 | D:12     | Reached XP level 12. HP: 116/123 MP: 11/11
  9510 | D:12     | Killed a centaur warrior
  9553 | D:12     | Noticed a two-headed ogre
  9553 | D:12     | Killed a centaur warrior
  9553 | D:12     | Reached skill level 14 in Unarmed Combat
  9685 | D:12     | Killed an eight-headed hydra
  9912 | D:12     | Gained mutation: You cannot study or cast Ice magic. [Ru
                  | sacrifice]
  9912 | D:12     | Gained mutation: You cannot study or cast Hexes magic. [Ru
                  | sacrifice]
  9912 | D:12     | Gained mutation: You cannot study or cast Conjurations
                  | magic. [Ru sacrifice]
  9912 | D:12     | Reached ** piety under Ru
  9968 | D:12     | Killed an ogre mage
  9997 | D:12     | Found a staircase to the Orcish Mines.
 10519 | D:13     | Reached skill level 5 in Dodging
 10520 | D:13     | Noticed Frances
 10531 | D:13     | Noticed Urug
 10535 | D:13     | Noticed a two-headed ogre
 10541 | D:13     | HP: 5/184 [two-headed ogre/+0 giant spiked club (10)]
 10542 | D:13     | Quit the game

Illustrated notes

Levels and vault maps discovered:
D:1:      psy_arrival_dodecagon, layout_basic
D:2:      layout_basic, kennysheep_generic_room_14, uniq_terence
D:3:      layout_loops_cross
D:4:      layout_rooms, lemuel_doored_altar, temple_fountains,
          grunt_decor_arrowhead, uniq_blork_the_orc, uniq_ijyb
D:5:      layout_basic, serial_shops, shop_statue,
          nicolae_ossuary_entry_false_entrances, basic_altar
D:6:      layout_cave_pools, kennysheep_little_box, minmay_misc_feat_rows,
          kennysheep_generic_room_16
D:7:      minmay_chambers_of_sixes, layout_basic, elyvilon_altar_4,
          gammafunk_ghost_cemetery
D:8:      layout_cave_pools, yredelemnul_altar_generic, uniq_maggie,
          uniq_maurice
D:9:      layout_roguey
D:10:     minmay_the_grid_four_pointed_star_mashed
          [minmay_the_grid_triangle_9x9_empty,
          minmay_the_grid_triangle_9x9_flanged_cone,
          minmay_the_grid_triangle_9x9_swiss_cheese,
          minmay_the_grid_triangle_9x9_sprig,
          minmay_the_grid_prize_inner_circle], layout_long_grid,
          david_lair_shrubbed
D:11:     layout_rooms, hellmonk_ghost_happy_afterlife, basic_altar,
          lemuel_flame_loot_1
D:12:     layout_cave_pools, kennysheep_orc_monster_closet_entryway,
          minivault_28
D:13:     minmay_tile_spiral, layout_cross, uniq_frances, uniq_urug
Temple:   compressed_dpeg_circular_temple

Skill      XL: |  1  2  3  4  5  6  7  8  9 10 11 12 |
---------------+-------------------------------------+-----
Shields        | 3 5 8 |  8.2
Unarmed Combat | 3 4 5 6 7 8 10 12 13 14 | 14.6
Fighting       | 3 4 5 6 8 9 |  9.0
Dodging        | 5 |  5.2
Stealth        | |  0.1

Action                   |  1- 3 |  4- 6 |  7- 9 | 10-12 || total
-------------------------+-------+-------+-------+-------++-------
Melee: Unarmed           |    96 |   185 |   314 |   527 ||  1122
       Punch             |       |     2 |    15 |    36 ||    53
Invok: Sacrifice Love    |       |       |     1 |       ||     1
       Reject Sacrifices |       |       |     1 |       ||     1
       Sacrifice Arcana  |       |       |       |     1 ||     1
Evoke: Wand              |       |       |       |     8 ||     8
  Use: Scroll            |       |     1 |    10 |     1 ||    12
       Potion            |       |       |     3 |     6 ||     9
 Stab: Sleeping          |       |     1 |     1 |       ||     2
       Distracted        |       |       |       |     1 ||     1
Armor: Robe              |    37 |    58 |    86 |       ||   181
       Troll leather arm |       |       |       |   235 ||   235
       Skin              |       |       |       |    17 ||    17
Dodge: Dodged            |    50 |    92 |   123 |   263 ||   528
Block: Kite shield       |       |       |       |    51 ||    51

Table legend: (Time is in decaauts)
 A = Elapsed time spent in this place.
 B = Non-inter-level travel time spent in this place.
 C = Inter-level travel time spent in this place.
 D = Time resting spent in this place.
 E = Time spent auto-exploring this place.
 F = Levels seen in this place.
 G = Mean time per level.
                   A        B        C        D        E       F      G
               +--------+--------+--------+--------+--------+-----+--------+
         Total |  10387 |  10059 |    328 |   2147 |   5765 |  15 |  692.5 |
       Dungeon |  10055 |   9743 |    312 |   2147 |   5582 |  13 |  773.5 |
        Temple |    126 |    110 |     16 |      0 |     87 |   1 |  126.0 |
       Ossuary |    205 |    205 |      0 |      0 |     96 |   1 |  205.0 |
               +--------+--------+--------+--------+--------+-----+--------+

Top non-repeatable levels by time:
    D:12: 1513 daAuts
    D:10: 1355 daAuts
     D:7: 1251 daAuts
     D:3: 859 daAuts
    D:11: 760 daAuts
     D:4: 709 daAuts
     D:1: 693 daAuts
     D:2: 639 daAuts
     D:6: 607 daAuts
     D:8: 599 daAuts
     D:5: 588 daAuts
     D:9: 448 daAuts
 Ossuary: 205 daAuts
  Temple: 126 daAuts
    D:13: 29 daAuts
